 Dungeon Crawl Stone Soup version 0.18-a0-1774-gce1f7b6 (webtiles) character file.

33 M4edhros the Poker (level 3, -5/29 HPs)
             Began as a Mummy Chaos Knight on Apr 15, 2016.
             Slain by a wraith (7 damage)
             ... on level 1 of the Dungeon.
             The game lasted 00:02:15 (8273 turns).

M4edhros the Poker (Mummy Chaos Knight)             Turns: 8273, Time: 00:02:15

Health: -5/29      AC:  5    Str: 15    XL:     3   Next: 12%
Magic:  3/3        EV: 11    Int: 11    God:    Xom [..*...]
Gold:   11         SH:  0    Dex: 12    Spells: 0 memorised, 2 levels left

rFire  x . .     SeeInvis .     a - +0 spear (chaos)
rCold  + . .     Gourm    +     b - +2 leather armour
rNeg   + + +     Faith    .     (no shield)
rPois  ∞         Spirit   .     (no helmet)
rElec  .         Dismiss  .     (no cloak)
rCorr  .         Reflect  .     (no gloves)
SustAt .         Harm     .     (no boots)
MR     .....                    c - amulet of the gourmand
Stlth  +.........               (no ring)
                                (no ring)

@: very slightly contaminated, slowed, very slow, not resistant to hostile
enchantments, very unstealthy
A: no food or potions, fire vulnerability, cold resistance 1, negative energy
resistance 3, torment resistance, unbreathing
a: Renounce Religion


You were on level 1 of the Dungeon.
You worshipped Xom.
You were a toy of Xom.
You were not hungry.

You visited 1 branch of the dungeon, and saw 1 of its levels.

You collected 11 gold pieces.

Inventory:

Hand Weapons
 a - a +0 spear of chaos (weapon)
Armour
 b - a +2 leather armour (worn)
Jewellery
 c - an amulet of the gourmand (around neck)
Comestibles
 f - 3 fruits


   Skills:
 - Level 3.0 Fighting
 + Level 3.5 Polearms
 - Level 1.5 Armour
 - Level 0.7 Dodging


You had 2 spell levels left.
You didn't know any spells.

Dungeon Overview and Level Annotations

Branches:
Dungeon (1/15)

Altars:
Xom


Innate Abilities, Weirdness & Mutations

You do not eat or drink.
Your flesh is vulnerable to fire.
You are immune to poison.
Your flesh is cold resistant.
You are immune to negative energy.
You are immune to unholy pain and torment.
You can survive without breathing.


Message History

* * * LOW HITPOINT WARNING * * *
The wraith drains your vigour!
You feel as though you will be slow longer.
The wraith hits you but does no damage.
Xom's power almost touches on you for a moment.
You hear a crackling sound. 2 bats come into view.
The bat hits you but does no damage. The wraith closely misses you.
The bat barely misses you. The bat hits you but does no damage.
The bat closely misses you. The bat hits you but does no damage.
The bat closely misses you. x3; The wraith hits you.
* * * LOW HITPOINT WARNING * * *
You see here a stone.
The bat barely misses you. The bat hits you but does no damage.
Things that are here:
a club; a scroll labeled WIOMABLAZUR The bat hits you but does no damage.
The bat barely misses you. The bat closely misses you. The wraith hits you!
You die...
Xom snickers!

#.# #................## #
#l# #.##.....#.###..#####
#.####.##.....#...........
#.##...##(...######.######
#..............# #§# **
####...........####.# #.
#..............?....#***#.
#.......bb..........!,, #.
#####
#......(W@....#####.##, #.
...# ####...###...##
#.###*#. *##.#### #.).#
#....## #.#<# #.
##.....####...###.....##
###.###r
.............###._.....#
#.).+.#. ##.....####..#
#._.....###.###.##
.............#
#..._...#.+# , #+,
###.#%#####.##
##.....##.###.###. # #.#.#
#.# ##......)........


You could see a wraith and 2 bats.

Vanquished Creatures
  A worm (D:1)
  A giant gecko (D:1)
  3 bats (D:1)
  4 goblins (D:1)
  5 hobgoblins (D:1)
  4 jackals (D:1)
  A ball python (D:1)
  A giant newt (D:1)
  2 kobolds (D:1)
  3 rats (D:1)
25 creatures vanquished.

Notes
Turn   | Place    | Note
--------------------------------------------------------------
     0 | D:1      | M4edhros the Mummy Chaos Knight began the quest for the Orb.
     0 | D:1      | Reached XP level 1. HP: 18/18 MP: 1/1
   196 | D:1      | XOM: divination: detect creatures
   209 | D:1      | XOM: divination: magic mapping
   578 | D:1      | XOM: mild Trmt miscast
  1143 | D:1      | XOM: summons 2 hostile shadow creatures
  1935 | D:1      | XOM: colour smoke trail
  1942 | D:1      | XOM: scenery: 2 doors open
  2080 | D:1      | XOM: scenery: 2 doors close
  2151 | D:1      | XOM is BORED!
  2151 | D:1      | XOM: 4-stop teleportation journey
  2449 | D:1      | XOM: scenery: create altars
  2983 | D:1      | XOM: fog
  3001 | D:1      | Reached XP level 2. HP: 24/24 MP: 2/2
  3411 | D:1      | HP: 1/24 [jackal (2)]
  3500 | D:1      | XOM: fake destruction
  3659 | D:1      | XOM: scenery: create altars
  3675 | D:1      | XOM: mild Air miscast
  4106 | D:1      | XOM: silly message
  4340 | D:1      | XOM: harmless Ice miscast
  4511 | D:1      | XOM: mild Air miscast
  5105 | D:1      | Reached XP level 3. HP: 26/29 MP: 3/3
  5488 | D:1      | XOM: 1-stop teleportation journey
  5996 | D:1      | XOM: divination: magic mapping
  6060 | D:1      | XOM is BORED!
  6060 | D:1      | XOM: mild Divn miscast
  6088 | D:1      | XOM: scenery: create altars
  6424 | D:1      | XOM: 1-stop teleportation journey
  7274 | D:1      | XOM is BORED!
  7274 | D:1      | XOM: summons 1 hostile demon
  7281 | D:1      | XOM: 1-stop teleportation journey
  7616 | D:1      | XOM: mild Divn miscast
  7863 | D:1      | XOM: divination: detect items
  8249 | D:1      | Noticed a wraith
  8268 | D:1      | XOM: harmless Ice miscast
  8273 | D:1      | Slain by a wraith

Vault maps used:
D:1:      erik_arrival_triangle_small, hangedman_abyss_or_decor_lesser_grid,
          minivault_24

Skill      XL: |  1  2 |
---------------+-------+-----
Polearms       | 3 |  3.5
Fighting       | |  3.0
Armour         | |  1.5
Dodging        | |  0.7

Action                   || total
-------------------------++-------
Melee: Spear             ||   119
  Use: Scroll            ||     2
 Stab: Paralysed         ||     2
       Petrifying        ||     1
       Confused          ||     1
Armor: Leather armour    ||    49
Dodge: Dodged            ||    71
